 Dungeon Crawl Stone Soup version 0.23.2-1-ga50397a (webtiles) character file.

Game seed: 5512374034683219211

76 troglodite the Digger (level 4, -3/25 HPs)
             Began as a Gargoyle Earth Elementalist on May 20, 2019.
             Slain by a gnoll (4 damage)
             ... on level 1 of the Dungeon.
             The game lasted 00:06:23 (1690 turns).

troglodite the Digger (Gargoyle Earth Elementalist) Turns: 1690, Time: 00:06:24

Health: -3/25      AC:  6    Str: 11    XL:     4   Next: 32%
Magic:  0/7        EV:  9    Int: 16    God:
Gold:   77         SH:  6    Dex: 11    Spells: 4/8 levels left

rFire    . . .     SeeInvis .   i - +0 short sword
rCold    . . .     Gourm    .   q - +0 shield
rNeg     + + .     Faith    .   n - +0 robe
rPois    ∞         Spirit   .   g - +0 helmet
rElec    +         Reflect  .   (no cloak)
rCorr    .         Harm     .   (no gloves)
MR       .....                  (no boots)
Stlth    ++........             (no amulet)
HPRegen  0.08/turn              c - ring of positive energy
MPRegen  0.10/turn              (no ring)

@: very slightly contaminated
A: negative energy resistance 1, electricity resistance, unbreathing,
petrification resistance, rot immunity, AC +3
a: no special abilities


You were on level 1 of the Dungeon.
You were not hungry.

You visited 1 branch of the dungeon, and saw 2 of its levels.

You collected 77 gold pieces.

Inventory:

Hand Weapons
 i - a +0 short sword (weapon)
Missiles
 a - 28 sling bullets
 b - 38 stones (quivered)
Armour
 g - a +0 helmet (worn)
 n - a +0 robe (worn)
 q - a +0 shield (worn)
Jewellery
 c - a ring of positive energy (left hand)
Scrolls
 m - 2 scrolls of noise {unknown}
Potions
 f - a potion of might
 j - a potion of magic {unknown}
 p - a potion of degeneration {unknown}
 r - a potion of resistance {unknown}
Comestibles
 d - 5 rations
 o - 3 chunks of flesh


   Skills:
 * Level 1.1 Fighting
 * Level 1.2 Short Blades
 * Level 2.0 Dodging
 * Level 2.4 Stealth
 * Level 0.2 Shields
 * Level 2.5 Spellcasting
 * Level 0.6 Conjurations
   Level 0.7 Transmutations
 * Level 4.3 Earth Magic


You had 4 spell levels left.
You knew the following spells:

 Your Spells              Type           Power        Failure   Level  Hunger
a - Sandblast             Erth           ###...       22%         1    #......
b - Stone Arrow           Conj/Erth      #.....       82%         3    ###....

Your spell library contained the following spells:

 Spells                   Type           Power        Failure   Level  Hunger
 Passwall                 Tmut/Erth      ##......     58%         2    ##.....
 Petrify                  Tmut/Erth      ##......     99%         4    #####..
 Lee's Rapid Deconstruct  Erth           ###.......   99%         5    ######.


Dungeon Overview and Level Annotations

Branches:
Dungeon (2/15)

Altars:
Okawaru
Wu Jian


Innate Abilities, Weirdness & Mutations

You are resistant to torment.
Your stone body is resilient. (AC +3)
You are immune to poison.
You resist negative energy. (rN+)
You are resistant to electric shocks. (rElec)
You can survive without breathing.
You are immune to petrification.
You are immune to rotting.


Message History

There is a stone staircase leading down here.
Casting: Sandblast (safe; 22% risk of failure)
Confirm with . or Enter, or press ? or * to list all spells.
Aiming: Sandblast (safe; 22% risk of failure)
Press: ? - help, Shift-Dir - straight line, f - gnoll
Aim: a gnoll You miscast Sandblast.
Nothing appears to happen.
The gnoll hits you but does no damage.
Casting: Sandblast (safe; 22% risk of failure)
Confirm with . or Enter, or press ? or * to list all spells.
Aiming: Sandblast (safe; 22% risk of failure)
Press: ? - help, Shift-Dir - straight line, f/p - gnoll
Aim: a gnoll The blast of sand hits the gnoll but does no damage.
b - 38 stones You block the gnoll's attack.
You completely miss the gnoll. The gnoll hits you.
* * * LOW HITPOINT WARNING * * *
You hit the gnoll but do no damage. The gnoll hits you.
You die...

..).....#.#...##.....##.# #.#
...............#.##.###.######.##
........#.#.....................#
###.............#...#.....#..##.#
......#.....#.###.##.#.###.##.#..
##.#........>....##.♣.###.⌠.##.#.
....###.##......####.###.#.####..
....# #......#.g#.###.#.#.#.#.#..
....######..##.#@⌠.###.♣.###.⌠.#.
............##..#.#.###.#.#.#.#..
.....####...###.####.#.#.#.####..
.......##..## ##.##.⌠.###.⌠.##...
....##......#####.##.#.#.#.##.###
....#####.#.........#.....#......
....# ###########.........#####
....# #...............# #####
#.###############


You could see a gnoll.

Vanquished Creatures
  2 gnolls (D:2)
  An adder (D:2)
  An ooze (D:1)
  2 worms (D:2)
  2 ball pythons (D:1)
  5 bats
  A giant cockroach (D:1)
  6 goblins
  3 hobgoblins
  2 jackals (D:1)
  6 kobolds
  A quokka (D:2)
  A frilled lizard (D:1)
  3 rats
36 creatures vanquished.

Notes
Turn   | Place    | Note
-------+----------+-------------------------------------------
     0 | D:1      | troglodite the Gargoyle Earth Elementalist began the quest
                  | for the Orb.
     0 | D:1      | Reached XP level 1. HP: 10/10 MP: 3/3
   400 | D:1      | Reached XP level 2. HP: 16/16 MP: 3/5
   505 | D:1      | Reached skill level 4 in Earth Magic
   826 | D:1      | Reached XP level 3. HP: 18/20 MP: 6/6
   838 | D:1      | Learned a level 3 spell: Stone Arrow
  1470 | D:2      | Found an ornate altar of the Wu Jian Council.
  1515 | D:2      | Reached skill level 1 in Fighting
  1551 | D:2      | Found an iron altar of Okawaru.
  1657 | D:2      | Reached skill level 1 in Short Blades
  1657 | D:2      | Reached XP level 4. HP: 15/25 MP: 4/7
  1689 | D:1      | HP: 1/25 [gnoll (6)]
  1690 | D:1      | Slain by a gnoll

Skill      XL: |  1  2  3 |
---------------+----------+-----
Earth Magic    | 4 |  4.3
Dodging        | 2 |  2.0
Fighting       | 1 |  1.1
Short Blades   | 1 |  1.2
Stealth        | |  2.4
Shields        | |  0.2
Spellcasting   | |  2.5
Conjurations   | |  0.6
Transmutations | |  0.7

Action                   |  1- 3 |  4- 6 || total
-------------------------+-------+-------++-------
Melee: Dagger            |    24 |       ||    24
       Short sword       |   102 |     2 ||   104
 Cast: Sandblast         |    18 |     4 ||    22
  Use: Scroll            |     4 |       ||     4
 Stab: Sleeping          |     1 |       ||     1
  Eat: Chunk             |     3 |       ||     3
Armor: Robe              |    47 |     2 ||    49
Dodge: Dodged            |    84 |       ||    84
Block: Shield            |     4 |     1 ||     5
